 Dungeon Sprint DCSS version 0.19.1 (webtiles) character file.

3236 KingBobo974 the Brawler (level 9, -2/72 HPs)
             Began as a Troll Monk on Dec 10, 2016.
             Was a High Priest of Okawaru.
             Slain by Sonja
             ... wielding a +0 dagger of distortion
              (12 damage)
             ... in the Dungeon (Sprint I: "Red Sonja").
             The game lasted 00:04:48 (742 turns).

KingBobo974 the Brawler (Troll Monk)                 Turns: 742, Time: 00:04:49

Health: -2/72      AC:  5    Str: 22    XL:     9   Next: 66%
Magic:  5/6        EV: 10    Int:  6    God:    Okawaru [*****.]
Gold:   513        SH:  0    Dex: 12    Spells: 0 memorised, 8 levels left

rFire  . . .     SeeInvis .       - Unarmed
rCold  . . .     Gourm    +     a - +0 robe
rNeg   . . .     Faith    .     (no shield)
rPois  .         Spirit   .     (helmet restricted)
rElec  .         Reflect  .     (no cloak)
rCorr  .         Harm     .     (gloves unavailable)
MR     .....     NoTele   +     (boots unavailable)
Stlth  ++........               (no amulet)
                                (no ring)
                                (no ring)

@: no status effects
A: unfitting armour, claws 3, blurry vision 1, deterioration 1, fast metabolism
3, frail 1, gourmand, low mp 2, regeneration 1, shaggy fur 1, tough skin 2, weak
1, subdued magic 1, MP-powered wands
a: Heroism, Finesse, Renounce Religion


You were in the Dungeon.
You worshipped Okawaru.
Okawaru was extremely pleased with you.
You were not hungry.

You visited 1 branch You collected 513 gold pieces.

Inventory:

Armour
 a - a +0 robe (worn)
Wands
 i - a wand of random effects (19/48)
Scrolls
 g - a scroll of silence {unknown}
 h - a scroll of blinking
 j - a scroll of fear {unknown}
Potions
 d - a potion of heal wounds
 e - a potion of haste
 f - 2 potions of magic
Comestibles
 b - a bread ration


   Skills:
 - Level 2.4 Fighting
 - Level 2.4 Dodging
 - Level 1.0 Stealth
 * Level 20.5 Unarmed Combat


You had 8 spell levels left.
You didn't know any spells.

Dungeon Overview and Level Annotations

Branches:
Dungeon (1/1)

Altars:
Cheibriados
Dithmenos
Elyvilon
Fedhas
Gozag
Hepliaklqana
Kikubaaqudgha
Makhleb
Nemelex Xobeh
Okawaru
Qazlal
Ru
Sif Muna
Trog
Uskayaw
Vehumet
Xom
Yredelemnul
Zin
The Shining One
Jiyva
Lugonu

Shops:
D %=

Annotations:
D Sonja


Innate Abilities, Weirdness & Mutations

You are too large for most types of armour.
You have claws for hands.
Your metabolism is lightning-fast.
You like to eat raw meat.
Your natural rate of healing is unusually fast.
You are covered in fur. (AC +1)
You have very tough skin. (AC +2)
Scrolls take you a little longer to read.
Your body sometimes deteriorates upon taking damage.
You are frail. (-10% HP)
Your magical capacity is very low. (-20% MP)
You are weak. (Str -2)
Your spells are a little easier to cast, but a little less powerful.
You expend magic power (3 MP) to strengthen your wands.


Message History

Sonja hits you with an uncursed dagger of distortion.
* * * LOW HITPOINT WARNING * * *
Space bends around you.
* * * LOW HITPOINT WARNING * * *
You fail to use your ability.
Sonja hits you but does no damage. Space bends around you.
* * * LOW HITPOINT WARNING * * *
Sonja completely misses you.
Sonja hits you with an uncursed dagger of distortion.
* * * LOW HITPOINT WARNING * * *
Space warps horribly around you!
* * * LOW HITPOINT WARNING * * *
Sonja barely misses you. Sonja closely misses you.
Sonja hits you but does no damage.
You feel a strange sense of stasis.
You feel better.
Sonja says, "Someone hired me to kill you, but I'm not supposed to say who."
Sonja hits you with an uncursed dagger of distortion.
* * * LOW HITPOINT WARNING * * *
Space warps horribly around you!
You die...

#..#####'#####'#__####
#..####..#...#.####
#..#__####..##.#
#..#_____##'#(.+
#⌠⌠#_.∩...'..._#
####_..__##_.#+#
#_____###(#
############(##
#∩......@K'...+
###''''####..(#
#....... ##.##
#........ #+#
#..#.....# #........#
#.....#..# #..... ..#


You could see Sonja.

Vanquished Creatures
  6 shining eyes (D)
  A slime creature (D)
  Sigmund (D)
  A yak (D)
  3 floating eyes (D)
  An ogre (D)
  A jelly (D)
  Ijyb (D)
15 creatures vanquished.

Notes
Turn   | Place    | Note
-------+----------+-------------------------------------------
     0 | D        | KingBobo974 the Troll Monk began the quest for the Orb.
     0 | D        | Reached XP level 1. HP: 22/22 MP: 0/0
     1 | D        | Noticed Ijyb
     7 | D        | Killed Ijyb
     7 | D        | Reached skill level 6 in Unarmed Combat
     7 | D        | Reached XP level 2. HP: 25/29 MP: 1/1
    12 | D        | Noticed an ogre
    17 | D        | Killed an ogre
    17 | D        | Reached skill level 9 in Unarmed Combat
    17 | D        | Reached XP level 3. HP: 36/36 MP: 2/2
    17 | D        | Reached XP level 4. HP: 44/44 MP: 3/3
    30 | D        | Noticed Sigmund
    42 | D        | Killed Sigmund
    42 | D        | Reached skill level 12 in Unarmed Combat
    42 | D        | Reached XP level 5. HP: 17/50 MP: 4/4
    42 | D        | Reached XP level 6. HP: 20/59 MP: 5/5
   273 | D        | Found a deep blue altar of Sif Muna.
   276 | D        | Found a radiant altar of Vehumet.
   294 | D        | Found Zofom's Jewellery Emporium.
   294 | D        | Found an ancient bone altar of Kikubaaqudgha.
   294 | D        | Found a hazy altar of Hepliaklqana.
   294 | D        | Found a stormy altar of Qazlal.
   294 | D        | Found a hide-covered altar of Uskayaw.
   294 | D        | Found a blossoming altar of Fedhas.
   294 | D        | Found a bloodstained altar of Trog.
   294 | D        | Found an iron altar of Okawaru.
   294 | D        | Found a basalt altar of Yredelemnul.
   294 | D        | Found a glowing golden altar of the Shining One.
   294 | D        | Found a snail-covered altar of Cheibriados.
   294 | D        | Found a sacrificial altar of Ru.
   294 | D        | Found a glowing silver altar of Zin.
   294 | D        | Found a shadowy altar of Dithmenos.
   294 | D        | Found a white marble altar of Elyvilon.
   294 | D        | Noticed a yak
   295 | D        | Found an opulent altar of Gozag.
   301 | D        | Killed a yak
   301 | D        | Reached skill level 14 in Unarmed Combat
   320 | D        | Found a sparkling altar of Nemelex Xobeh.
   326 | D        | Became a worshipper of Warmaster Okawaru
   326 | D        | Reached * piety under Okawaru
   326 | D        | Reached ** piety under Okawaru
   342 | D        | Found a burning altar of Makhleb.
   342 | D        | Found a viscous altar of Jiyva.
   342 | D        | Found a shimmering altar of Xom.
   342 | D        | Found a corrupted altar of Lugonu.
   342 | D        | Noticed a slime creature
   349 | D        | HP: 1/59 [slime creature (15)]
   350 | D        | Killed a slime creature
   350 | D        | Reached skill level 15 in Unarmed Combat
   350 | D        | Reached XP level 7. HP: 1/66 MP: 3/6
   498 | D        | Noticed Sonja
   691 | D        | Found Failiv's Food Boutique.
   691 | D        | Noticed a shining eye
   691 | D        | Noticed a shining eye
   692 | D        | Noticed a shining eye
   692 | D        | Gained mutation: You are weak. (Str -2) [a shining eye]
   694 | D        | Gained mutation: Your magical capacity is low. (-10% MP) [a shining eye]
   695 | D        | Paralysed by a floating eye for 4 turns
   700 | D        | Gained mutation: Your magical capacity is very low. (-20% MP) [a shining eye]
   701 | D        | Noticed a shining eye
   701 | D        | Noticed a shining eye
   701 | D        | Noticed a shining eye
   701 | D        | Gained mutation: Scrolls take you a little longer to read. [a shining eye]
   702 | D        | Gained mutation: You expend magic power (3 MP) to strengthen your wands. [a shining eye]
   703 | D        | Paralysed by a floating eye for 4 turns
   705 | D        | Gained mutation: Your spells are a little easier to cast, but a little less powerful. [a shining eye]
   710 | D        | Killed a shining eye
   710 | D        | Reached *** piety under Okawaru
   710 | D        | Reached skill level 16 in Unarmed Combat
   710 | D        | Reached XP level 8. HP: 74/74 MP: 3/5
   711 | D        | Gained mutation: You are frail. (-10% HP) [a shining eye]
   712 | D        | Killed a shining eye
   712 | D        | Reached skill level 17 in Unarmed Combat
   715 | D        | Reached **** piety under Okawaru
   715 | D        | Reached skill level 18 in Unarmed Combat
   719 | D        | Killed a shining eye
   719 | D        | Reached XP level 9. HP: 72/72 MP: 4/6
   719 | D        | Paralysed by a floating eye for 2 turns
   724 | D        | Gained mutation: Your body sometimes deteriorates upon taking damage. [a shining eye]
   725 | D        | Killed a shining eye
   725 | D        | Reached skill level 19 in Unarmed Combat
   727 | D        | Killed a shining eye
   727 | D        | Reached ***** piety under Okawaru
   727 | D        | Reached skill level 20 in Unarmed Combat
   732 | D        | Paralysed by a floating eye for 3 turns
   736 | D        | Killed a shining eye
   741 | D        | HP: 3/72 [Sonja/uncursed dagger of distortion (8)]
   742 | D        | Slain by Sonja

Skill      XL: |  1  2  3  4  5  6  7  8  9 |
---------------+----------------------------+-----
Unarmed Combat | 6 9 12 15 16 18 20 | 20.5
Fighting       | |  2.4
Dodging        | |  2.4
Stealth        | |  1.0

Action                   |  1- 3 |  4- 6 |  7- 9 || total
-------------------------+-------+-------+-------++-------
Melee: Unarmed           |     8 |    20 |    34 ||    62
       Punch             |     1 |     2 |     6 ||     9
Invok: Heroism           |       |     1 |     3 ||     4
  Use: Potion            |     1 |       |     1 ||     2
 Stab: Sleeping          |       |     1 |     1 ||     2
  Eat: Bread ration      |       |       |     1 ||     1
Armor: Robe              |     2 |     3 |     2 ||     7
Dodge: Dodged            |     2 |    11 |     8 ||    21
